 Dungeon Crawl Stone Soup version 0.21-a0-369-g397cdb2 (webtiles) character file.

224 Monsterracer the Chopper (level 6, 0/55 HPs)
             Began as a Hill Orc Berserker on Oct 15, 2017.
             Was a Believer of Trog.
             Slain by a worker ant (4 damage)
             ... on level 3 of the Dungeon.
             The game lasted 00:02:25 (2647 turns).

Monsterracer the Chopper (Hill Orc Berserker)       Turns: 2647, Time: 00:02:25

Health: 0/55       AC:  5    Str: 22    XL:     6   Next: 0%
Magic:  6/6        EV: 11    Int:  7    God:    Trog [**....]
Gold:   99         SH:  0    Dex: 12    Spells: 5/5 levels left

rFire    . . .     SeeInvis .   a - +0 hand axe
rCold    . . .     Gourm    .   (no shield)
rNeg     . . .     Faith    .   n - +0 ring mail
rPois    .         Spirit   .   (no helmet)
rElec    .         Reflect  .   (no cloak)
rCorr    .         Harm     .   (no gloves)
MR       ++...                  (no boots)
Stlth    +.........             (no amulet)
HPRegen  1.18/turn              o - +2 ring of dexterity
MPRegen  0.10/turn              (no ring)

@: lethally poisoned (0 -> 0), berserk cooldown, regenerating
A: no striking features
a: Berserk, Trog's Hand, Burn Spellbooks, Renounce Religion


You were on level 3 of the Dungeon.
You worshipped Trog.
Trog was pleased with you.
You were near starving.

You visited 1 branch of the dungeon, and saw 3 of its levels.

You collected 99 gold pieces.

Inventory:

Hand Weapons
 a - a +0 hand axe (weapon)
Armour
 n - a +0 ring mail (worn)
Jewellery
 o - a +2 ring of dexterity (left hand)
Scrolls
 d - 4 scrolls of remove curse {unknown}
 f - a scroll of fog {unknown}
 h - 2 scrolls of amnesia {unknown}
 k - 2 scrolls of teleportation {unknown}
 l - a scroll of fear {unknown}
 m - a scroll of identify {unknown}
Potions
 e - a potion of berserk rage {unknown}
 g - a potion of heal wounds {unknown}
 i - 2 potions of curing {unknown}
 j - a potion of ambrosia {unknown}
Comestibles
 b - 2 royal jellies
 c - 3 bread rations


   Skills:
 + Level 4.9 Fighting
 * Level 6.7 Axes
 + Level 3.7 Armour
 - Level 1.5 Dodging


You had 5 spell levels left.
You didn't know any spells.

Dungeon Overview and Level Annotations

Branches:
Dungeon (3/15)

Altars:


Message History

* * * LOW HITPOINT WARNING * * *
Unknown command.
Huge Dmg: -11%(-6hp) hp: 22%(12hp)
You closely miss the worker ant.
The worker ant is severely wounded.
The worker ant bites you but does no damage.
Unknown command.
Your skin crawls.
You feel resistant to hostile enchantments.
You are near starving!
You feel sick. The worker ant bites you!
* * * LOW HITPOINT WARNING * * *
The worker ant misses you.
Huge Dmg: -11%(-6hp) hp: 11%(6hp)
You barely miss the worker ant.
The worker ant is severely wounded.
The worker ant bites you.
* * * LOW HITPOINT WARNING * * *
The worker ant barely misses you.
You hit the worker ant but do no damage.
The worker ant is severely wounded.
The worker ant closely misses you. The worker ant bites you.
* * * LOW HITPOINT WARNING * * *
Unknown command.
Huge Dmg: -5%(-3hp) hp: 8%(4hp)
You closely miss the worker ant.
The worker ant is severely wounded.
You feel yourself speed up.
You feel sick. The worker ant misses you. The worker ant bites you.
You die...

##### # ....# # #.#..
# #.#.# ###########
## #.#.# #.........#
#. #.#.#
#.#######.####.
#.#.####.#.#. #....'.
#..)a@...# .. ######.
#...#)######.#. #.
#....#.#.....##'#'###
###. ....
..#.###........# #...
#.. ...... #........#
#..) .. .......
#........####... #
#######.#
#.#...)(()... .#
#.########...
#....>.......


You could see a worker ant.

Vanquished Creatures
  A bullfrog zombie (D:3)
  A crimson imp (D:3)
  An orc priest (D:3)
  Jessica (D:3)
  2 adders (D:2)
  An ooze (D:3)
  2 worms
  3 dart slugs (D:2)
  A leopard gecko (D:2)
  8 orcs (D:3)
  A ball python (D:1)
  5 bats
  4 hobgoblins
  2 jackals (D:1)
  A quokka (D:3)
  2 frilled lizards
  8 goblins
  10 kobolds
  7 rats
61 creatures vanquished.

Notes
Turn   | Place    | Note
-------+----------+-------------------------------------------
     0 | D:1      | Monsterracer the Hill Orc Berserker began the quest for the Orb.
     0 | D:1      | Reached XP level 1. HP: 19/19 MP: 1/1
   252 | D:1      | Reached XP level 2. HP: 27/27 MP: 2/2
   932 | D:2      | Reached XP level 3. HP: 33/33 MP: 3/3
   940 | D:2      | Reached skill level 5 in Axes
  1198 | D:2      | Reached ** piety under Trog
  1450 | D:2      | Reached XP level 4. HP: 39/40 MP: 4/4
  1990 | D:3      | Noticed Jessica
  1995 | D:3      | Killed Jessica
  2086 | D:3      | Reached skill level 6 in Axes
  2086 | D:3      | Reached XP level 5. HP: 32/47 MP: 5/5
  2633 | D:3      | Reached *** piety under Trog
  2633 | D:3      | Reached XP level 6. HP: 29/55 MP: 6/6
  2647 | D:3      | Slain by a worker ant

Vault maps used:
D:1:      tarquinn_simple_flora_water_e, minmay_pentomino_w2
D:3:      grunt_temple_overflow_open, uniq_jessica

Skill      XL: |  1  2  3  4 |
---------------+-------------+-----
Fighting       | 4 |  4.9
Axes           | 5 6 |  6.7
Armour         | 3 |  3.7
Dodging        | |  1.5

Action                   |  1- 3 |  4- 6 || total
-------------------------+-------+-------++-------
Melee: Hand axe          |    85 |   133 ||   218
Invok: Berserk           |     2 |     3 ||     5
       Trog's Hand       |       |     1 ||     1
 Stab: Distracted        |     1 |       ||     1
       Sleeping          |     1 |       ||     1
  Eat: Chunk             |     2 |     7 ||     9
Armor: Animal skin       |    13 |       ||    13
       Ring mail         |     2 |    44 ||    46
Dodge: Dodged            |    51 |    72 ||   123

Table legend:
 A = Spawn XP
 B = Non-spawn XP
 C = Spawn XP percentage of total XP
 D = Spawn monster count
 E = Non-spawn monster count
 F = Spawn count percentage of total count
 G = Total turns spent on level
                    A         B        C        D         E        F      G
               +---------+---------+-------+---------+---------+-------+---------
         Total |       0 |     320 |   0.0 |       0 |      61 |   0.0 |  2647
               +---------+---------+-------+---------+---------+-------+---------
           D:1 |       0 |      20 |   0.0 |       0 |      13 |   0.0 |   843
           D:2 |       0 |      76 |   0.0 |       0 |      26 |   0.0 |  1012
           D:3 |       0 |     224 |   0.0 |       0 |      22 |   0.0 |   792
               +---------+---------+-------+---------+---------+-------+---------

Vault maps used:
D:1:      tarquinn_simple_flora_water_e, minmay_pentomino_w2
D:3:      grunt_temple_overflow_open, uniq_jessica
